 Dungeon Crawl Stone Soup version 0.13.0-67-g7ee5eca (webtiles) character file.

325 Kae the Ruinous (level 6, 0/32 HPs)
             Began as a Tengu Fire Elementalist on Nov 27, 2013.
             Was a Follower of Vehumet.
             Killed by divine providence
             ... invoked by an orc priest
              (12 damage)
             ... on Level 3 of the Dungeon.
             The game lasted 00:07:30 (3035 turns).

Kae the Ruinous (Tengu Fire Elementalist)           Turns: 3035, Time: 00:07:31

HP   0/32        AC  2     Str  8      XL: 6   Next:  3%
MP  14/14        EV 12     Int 18      God: Vehumet [*.....]
Gold 95          SH  0     Dex 14      Spells:  3 memorised,  4 levels left

Res.Fire  : . . .   See Invis. : .   j - +0 short sword
Res.Cold  : . . .   Warding    : .   a - +0 robe
Life Prot.: . . .   Conserve   : .   (no shield)
Res.Poison: .       Res.Corr.  : .   (helmet restricted)
Res.Elec. : .       Clarity    : .   (no cloak)
Sust.Abil.: . .     Spirit.Shd : .   (no gloves)
Res.Mut.  : .       Stasis     : .   (boots unavailable)
Res.Rott. : .       Flight     : .   (no amulet)
Saprovore : . . .                    (no ring)
                                     (no ring)

@: slightly resistant to hostile enchantments, fairly stealthy
A: able to fly, beak, talons 3
a: Fly, Renounce Religion


You were on level 3 of the Dungeon.
You worshipped Vehumet.
Vehumet was aware of your devotion.
You were hungry.

You visited 1 branch of the dungeon, and saw 4 of its levels.

You collected 75 gold pieces.

Inventory:

Hand weapons
 j - a +0,+0 short sword (weapon)
Missiles
 i - 57 darts (quivered)
Armour
 a - a +0 robe (worn)
Magical devices
 s - a wand of confusion (3) {unknown}
Comestibles
 c - a bread ration
 m - a meat ration
Scrolls
 f - a scroll of recharging {unknown}
 h - a scroll of noise {unknown}
 k - 5 scrolls of teleportation {unknown}
 o - 2 scrolls of random uselessness {unknown}
 q - a scroll of amnesia {unknown}
 r - 2 scrolls of remove curse {unknown}
 v - 2 scrolls of identify {unknown}
Jewellery
 t - an uncursed amulet of guardian spirit {unknown}
 x - a cursed ring of magical power {unknown}
Potions
 d - a potion of heal wounds {unknown}
 e - 5 potions of curing
 g - a potion of flight {unknown}
 l - a potion of invisibility {unknown}
 n - 2 potions of brilliance {unknown}
 p - a potion of might {unknown}
 u - a potion of porridge {unknown}
Books
 b - a book of Flames

   Spells                             Type                      Level
   *Flame Tongue                      Conjuration/Fire             1
   *Throw Flame                       Conjuration/Fire             2
   *Conjure Flame                     Conjuration/Fire             3
   Inner Flame                        Hexes/Fire                   3
   Sticky Flame                       Conjuration/Fire             4
   Fireball                           Conjuration/Fire             5


   Skills:
 - Level 2.1 Dodging
 - Level 2.0 Stealth
 + Level 2.6 Spellcasting
 * Level 5.0 Conjurations
 * Level 4.8 Fire Magic


You had 4 spell levels left.
You knew the following spells:

 Your Spells              Type           Power        Failure   Level  Hunger
a - Flame Tongue          Conj/Fire      ###..        1%          1    #......
b - Throw Flame           Conj/Fire      ###...       3%          2    ##.....
c - Conjure Flame         Conj/Fire      ###.....     10%         3    ###....


Dungeon Overview and Level Annotations

Branches:
Dungeon (4/27)
 Temple: D:4-7

Altars:
Ashenzari
Cheibriados
Nemelex Xobeh
Vehumet


Innate Abilities, Weirdness & Mutations

You can fly.
You have a beak for a mouth.
You have claws for feet.


Message History

You have reached level 6!
Your experience leads to an increase in your attributes!
Increase (S)trength, (I)ntelligence, or (D)exterity?
You feel clever.
Unknown command.
You start resting.
You float gracefully downwards.
You start resting.
Magic restored.
You start resting. 2 orcs come into view.
The orc disappears!
An orc priest comes into view.
The orc priest shouts!
The orc priest calls down the wrath of Beogh upon you.
Something smites you!
* * * LOW HITPOINT WARNING * * *
The orc priest mumbles some strange prayers to Beogh against you.
Something smites you!
You die...

..# #..# #..# #..# ..# #..# #..#
#..#
..#########..#########..######..#
........<........................
...........).....................
##..####..#####..#######..#######
#..# #..# #..# #..# # #..# #..#
#..# #..# #
##..####..#####.@#######..#######
................o................
.................................
.........................#######.
.........................# #.
................^........# #.
..................o......# #.
.........................# #.
.........................# #.


You could see an orc priest and an orc.

Vanquished Creatures
  An ogre (D:3)
  A worker ant (D:3)
  5 adders
  A giant mite (D:2)
  2 worms (D:3)
  3 giant geckos
  An orc (D:3)
  8 hobgoblins
  2 jackals (D:3)
  5 bats
  A giant cockroach (D:3)
  4 giant newts
  9 goblins
  A goblin skeleton (D:4)
  8 kobolds
  A quokka (D:2)
  5 rats
58 creatures vanquished.

Notes
Turn   | Place    | Note
--------------------------------------------------------------
     0 | D:1      | Kae, the Tengu Fire Elementalist, began the quest for the Orb.
     0 | D:1      | Reached XP level 1. HP: 10/10 MP: 3/3
   189 | D:1      | Reached XP level 2. HP: 13/15 MP: 3/5
   193 | D:1      | Learned a level 2 spell: Throw Flame
   828 | D:2      | Found a sparkling altar of Nemelex Xobeh.
   830 | D:2      | Found a radiant altar of Vehumet.
   832 | D:2      | Found a shattered altar of Ashenzari.
   838 | D:2      | Became a worshipper of Vehumet
   976 | D:2      | Reached XP level 3. HP: 19/19 MP: 2/7
  1603 | D:3      | Reached XP level 4. HP: 17/24 MP: 3/9
  1861 | D:3      | Learned a level 3 spell: Conjure Flame
  1975 | D:3      | Reached skill level 4 in Fire Magic
  2106 | D:3      | Noticed an ogre
  2116 | D:3      | Acquired Vehumet's first power
  2116 | D:3      | Offered knowledge of Freeze by Vehumet.
  2427 | D:3      | Reached XP level 5. HP: 25/28 MP: 1/11
  2796 | D:4      | Found a snail-covered altar of Cheibriados.
  2906 | D:3      | Killed an ogre
  2906 | D:3      | Reached skill level 5 in Conjurations
  2906 | D:3      | Reached XP level 6. HP: 10/32 MP: 10/14
  3035 | D:3      | Killed from afar by an orc priest

Action                   |  1- 3 |  4- 6 || total
-------------------------+-------+-------++-------
Melee: Unarmed           |    12 |       ||    12
       Short sword       |    10 |     2 ||    12
 Cast: Flame Tongue      |    52 |    58 ||   110
       Throw Flame       |       |    13 ||    13
 Abil: Fly               |       |     2 ||     2
  Use: Potion            |     1 |       ||     1
 Stab: Sleeping          |     1 |       ||     1
